 Dungeon Crawl Stone Soup version 0.21.1-1-g345015fe64 (webtiles) character file.

234 Pisosu the Magician (level 5, -2/35 HPs)
             Began as a Mummy Summoner on July 30, 2018.
             Slain by a slave (5 damage)
             ... led by Pikel
             ... on level 3 of the Dungeon.
             The game lasted 00:25:18 (4389 turns).

Pisosu the Magician (Mummy Summoner)                Turns: 4389, Time: 00:25:18

Health: -2/35      AC:  5    Str: 12    XL:     5   Next: 75%
Magic:  1/11       EV: 12    Int: 15    God:
Gold:   196        SH:  0    Dex: 12    Spells: 6/13 levels left

rFire    x . .     SeeInvis .   (no weapon)
rCold    + . .     Gourm    .   (no shield)
rNeg     + + +     Faith    .   a - +0 robe
rPois    ∞         Spirit   .   (no helmet)
rElec    .         Reflect  .   (no cloak)
rCorr    .         Harm     .   (no gloves)
MR       .....                  (no boots)
Stlth    ++........             (no amulet)
HPRegen  0.11/turn              h - +3 ring of protection
MPRegen  0.12/turn              (no ring)

@: no status effects
A: no food or potions, fire vulnerability, cold resistance 1, negative energy
resistance 3, torment resistance, unbreathing
a: no special abilities


You were on level 3 of the Dungeon.
You were not hungry.

You visited 1 branch of the dungeon, and saw 4 of its levels.

You collected 196 gold pieces.

Inventory:

Armour
 a - a +0 robe (worn)
Jewellery
 h - a +3 ring of protection (left hand)
 n - a +4 amulet of reflection {unknown}
Wands
 j - a wand of flame (24)
 m - a wand of random effects (24)
Scrolls
 c - a scroll of enchant weapon {unknown}
 d - 7 scrolls of identify {unknown}
 e - a scroll of immolation {unknown}
 f - 3 scrolls of enchant armour {unknown}
 g - a scroll of remove curse {unknown}
 i - a scroll of amnesia {unknown}
 k - 2 scrolls of teleportation {unknown}
 l - a scroll of fog {unknown}
Books
 b - a book of Callings

   Spells                             Type                      Level
   a - Summon Small Mammal            Summoning                    1
   b - Call Imp                       Summoning                    2
   c - Call Canine Familiar           Summoning                    3
   d - Summon Guardian Golem          Hexes/Summoning              3
   e - Summon Lightning Spire         Summoning/Air                4
   f - Summon Ice Beast               Ice/Summoning                4


   Skills:
 + Level 2.4 Dodging
 + Level 2.6 Stealth
 + Level 4.6 Spellcasting
 + Level 4.3 Summonings


You had 6 spell levels left.
You knew the following spells:

 Your Spells              Type           Power        Failure   Level  Hunger
a - Summon Small Mammal   Summ           ###.         2%          1    N/A
b - Summon Guardian Gole  Hex/Summ       ##......     21%         3    N/A
c - Call Canine Familiar  Summ           ###.....     9%          3    N/A

Dungeon Overview and Level Annotations

Branches:
Dungeon (4/15)
 Temple: D:4-7

Altars:
Cheibriados
Gozag
Makhleb
Sif Muna
Xom

Annotations:
D:2 Natasha


Innate Abilities, Weirdness & Mutations

You do not eat or drink.
Your flesh is vulnerable to fire.
You are immune to poison.
Your flesh is cold resistant. (rC+)
You are immune to negative energy. (rN+++)
You are immune to unholy pain and torment.
You can survive without breathing.


Message History

Your bat barely misses the slave.
Your bat misses the slave.
There is a stone staircase leading up here.
Your bat closely misses the slave.
The slave hits you!
* * * LOW HITPOINT WARNING * * *
You climb upwards.
There is a stone staircase leading down here.
Casting: Summon Small Mammal
Confirm with . or Enter, or press ? or * to list all spells.
You don't have enough magic to cast that spell.
Casting: Summon Small Mammal
Confirm with . or Enter, or press ? or * to list all spells.
The slave hits you.
* * * LOW HITPOINT WARNING * * *
Your quokka bites the slave.
Casting: Summon Small Mammal
Confirm with . or Enter, or press ? or * to list all spells.
You don't have enough magic to cast that spell.
The slave hits you.
You die...

#### ###..#######..###
#_..###_._###.._#########
###..##...##..###.......##
###.........###........##
#.####...#### #........##
##.#.##_## #........##
#.....#########........##
#........#.............##
#...>.rp@..............##
######[####...........)...#
#.........#........###..#.#
#................#.###..#.#
#..........÷............#.#
#...........#.#.#.#####.#.#
#.............#.#.#....§#..
#.........###.#.#.#.#.#§###
#.........# #.#.#.#.#.#....


You could see a slave and a friendly quokka.

Vanquished Creatures
  2 bats
  2 giant cockroaches
  A kobold (D:3)
  2 rats (D:1)
7 creatures vanquished.

Vanquished Creatures (collateral kills)
  An ogre (D:4)
  2 orc priests (D:3)
  An orc wizard (D:3)
  Jessica (D:2)
  Natasha (twice) (D:2)
  Ijyb (D:3)
  An iguana (D:4)
  A worker ant (D:4)
  2 adders
  A worm (D:2)
  A dart slug (D:2)
  2 leopard geckos
  7 orcs
  6 bats
  2 giant cockroaches
  6 goblins
  12 hobgoblins
  7 jackals (D:4)
  8 kobolds
  A quokka (D:4)
  A ball python (D:2)
  4 frilled lizards
  10 rats
80 creatures vanquished.

Grand Total: 87 creatures vanquished

Notes
Turn   | Place    | Note
-------+----------+-------------------------------------------
     0 | D:1      | Pisosu the Mummy Summoner began the quest for the Orb.
     0 | D:1      | Reached XP level 1. HP: 13/13 MP: 4/4
   552 | D:1      | Reached XP level 2. HP: 17/19 MP: 0/5
   901 | D:2      | Found a burning altar of Makhleb.
   919 | D:2      | Noticed Natasha
   940 | D:2      | Noticed a crimson imp
   944 | D:2      | Noticed a crimson imp
   944 | D:2      | Killed Natasha
   944 | D:2      | Reached XP level 3. HP: 23/24 MP: 0/8
  1421 | D:2      | Noticed Natasha
  1445 | D:2      | Killed Natasha
  1447 | D:2      | Noticed Jessica
  1456 | D:2      | Noticed Natasha
  1705 | D:2      | Killed Jessica
  1705 | D:2      | Reached XP level 4. HP: 30/30 MP: 1/9
  1951 | D:3      | Learned a level 3 spell: Summon Guardian Golem
  2589 | D:3      | Learned a level 3 spell: Call Canine Familiar
  2594 | D:3      | Found a shimmering altar of Xom.
  2594 | D:3      | Found a snail-covered altar of Cheibriados.
  2599 | D:3      | Found an opulent altar of Gozag.
  2601 | D:3      | Found a faded altar of an unknown god.
  2603 | D:3      | Found a faded altar of an unknown god.
  3126 | D:3      | Noticed Ijyb
  3278 | D:3      | Killed Ijyb
  3278 | D:3      | Reached XP level 5. HP: 35/35 MP: 2/11
  4010 | D:4      | Noticed an ogre
  4052 | D:4      | Found a deep blue altar of Sif Muna.
  4078 | D:4      | Killed an ogre
  4264 | D:4      | Noticed a slave
  4271 | D:4      | Noticed a slave
  4389 | D:3      | Slain by a slave

Skill      XL: |  1  2  3  4 |
---------------+-------------+-----
Spellcasting   | 3 4 |  4.6
Summonings     | 4 |  4.3
Stealth        | 2 |  2.6
Dodging        | 2 |  2.4

Action                   |  1- 3 |  4- 6 || total
-------------------------+-------+-------++-------
Melee: Unarmed           |    52 |    28 ||    80
 Cast: Summon Small Mamm |   112 |    83 ||   195
       Call Canine Famil |       |    24 ||    24
       Summon Guardian G |       |     6 ||     6
Armor: Robe              |    27 |    24 ||    51
Dodge: Dodged            |    70 |    62 ||   132
